AoeStats
← totielrey9843

Black Forest

509453137Analyzed
4v4 RM · 4d ago on Sep 26, 2026· 148m 30s· 8 players
Game mode
Random Map
Map size
Large (8 player)
Population
200
Speed
Normal
Resources
Standard
Victory
Conquest
Starting age
Dark Age
Ending age
Imperial Age
RankedLock teamsTeams togetherTeam positionsShared explorationLock speedFull tech treeHidden civsTurbo modeCheats
Victory
Defeat
🇩🇪 Byzantines · Germany
1071
+10
🇩🇪 Danes · Germany
1046
+11
🇩🇪 Franks · Germany
974
+14
🇩🇪 Persians · Germany
897
+18
🇹🇷 Goths · Türkiye
984
-15
🇹🇷 Sicilians · Türkiye
956
-14
🇦🇷 Franks · Argentina
946
-14
🇲🇽 Cumans · Mexico
860
-10
diegotapia
11:13 Feudal Age
12:00 Double-Bit Axe
19:17 Castle Age
18:05 Scale Mail Armor
18:00 Stone Mining
18:03 Gold Mining
20:51 Bow Saw
21:27 Gold Shaft Mining
21:57 Wheelbarrow
22:27 Forging
24:53 Chain Mail Armor
25:15 Iron Casting
25:31 Hand Cart
28:54 Town Watch
28:55 Loom
32:43 Imperial Age
30:35 Squires
30:21 Arson
30:42 Fletching
30:53 Padded Archer Armor
33:10 Elite Throwing Axeman
34:21 Conscription
34:46 Plate Mail Armor
35:17 Blast Furnace
37:52 Scale Barding Armor
37:43 Bodkin Arrow
38:24 Caravan
39:07 Husbandry
38:30 Light Cavalry
39:50 Ballistics
40:31 Chemistry
40:43 Cavalier
51:05 Herbal Medicine
51:22 Murder Holes
51:37 Fortified Wall
52:13 Hoardings
63:18 Masonry
63:16 Siege Engineers
108:58 Chain Barding Armor
128:13 Plate Barding Armor
129:59 Padded Archer Armor
130:58 Town Patrol
134:58 Architecture
138:21 Paladin
BONCUK
1:21 Loom
11:00 Feudal Age
12:46 Double-Bit Axe
12:52 Horse Collar
18:22 Castle Age
19:47 Bow Saw
19:29 Gold Mining
19:51 Heavy Plow
27:03 Wheelbarrow
31:24 Imperial Age
29:15 Caravan
33:25 Chemistry
31:49 Man-at-Arms
32:32 Squires
33:47 Two-Man Saw
32:40 Stone Mining
33:24 Crop Rotation
33:07 Forging
32:58 Scale Mail Armor
33:26 Long Swordsman
33:26 Pikeman
34:46 Iron Casting
35:09 Perfusion
35:43 Conscription
35:34 Elite Huskarl
35:43 Two-Handed Swordsman
35:44 Halberdier
36:11 Onager
37:42 Champion
38:13 Heavy Scorpion
42:15 Ballistics
41:54 Murder Holes
43:07 Blast Furnace
42:22 Chain Mail Armor
53:24 Hand Cart
58:19 Padded Archer Armor
58:10 Fletching
62:53 Capped Ram
totielrey9843
9:42 Loom
12:03 Feudal Age
13:59 Horse Collar
14:22 Double-Bit Axe
26:14 Castle Age
25:55 Wheelbarrow
25:31 Loom
27:40 Capped Ram
27:46 Elite Skirmisher
33:39 Steppe Husbandry
34:57 Ballistics
37:44 Imperial Age
36:16 Forging
36:06 Scale Mail Armor
35:59 Fletching
36:09 Padded Archer Armor
36:15 Scale Barding Armor
38:51 Siege Ram
39:52 Cuman Mercenaries
39:13 Elite Kipchak
40:00 Heavy Plow
40:11 Bow Saw
51:28 Iron Casting
50:49 Bodkin Arrow
51:09 Leather Archer Armor
51:10 Chain Mail Armor
51:15 Chain Barding Armor
57:52 Chemistry
60:32 Hand Cart
alibaba
10:37 Loom
12:45 Feudal Age
19:52 Castle Age
18:16 Horse Collar
18:30 Double-Bit Axe
20:04 Forging
23:05 Bow Saw
23:37 Caravan
28:21 Gold Mining
28:21 Stone Mining
28:21 Gold Mining
29:43 Ballistics
29:42 Heavy Plow
35:08 Imperial Age
34:21 Wheelbarrow
33:32 Town Watch
34:04 Murder Holes
34:19 Masonry
34:38 Scale Barding Armor
34:34 Scale Mail Armor
35:19 Onager
37:09 Chemistry
36:07 Arrowslits
37:18 Iron Casting
36:58 Chain Mail Armor
37:03 Chain Barding Armor
37:18 Iron Casting
36:58 Chain Mail Armor
36:34 Fletching
36:44 Padded Archer Armor
37:47 Hand Cart
37:32 Town Patrol
37:37 Siege Onager
38:57 Town Patrol
39:02 Padded Archer Armor
41:09 Crop Rotation
42:01 Blast Furnace
41:17 Chain Mail Armor
41:22 Chain Barding Armor
40:57 Bodkin Arrow
41:17 Leather Archer Armor
44:28 Cranequins
44:29 Heavy Mounted Crossbowman
49:27 Bracer
49:42 Leather Archer Armor
56:57 Plate Mail Armor
57:03 Plate Barding Armor
57:04 Guilds
56:55 Heavy Scorpion
57:06 Heavy Scorpion
60:58 Capped Ram
62:15 Siege Ram
62:53 Heated Shot
63:09 Siege Engineers
64:03 Elite Serjeant
68:23 Elite Skirmisher
68:29 Elite Skirmisher
69:12 Arson
69:27 Squires
69:13 Gambesons
68:48 Pikeman
68:49 Man-at-Arms
70:28 Hoardings
73:15 Conscription
74:33 Conscription
78:34 Hauberk
86:44 First Crusade
90:37 Long Swordsman
90:37 Halberdier
92:55 Two-Handed Swordsman
100:16 Champion
101:29 Fervor
101:44 Illumination
101:15 Herbal Medicine
101:21 Devotion
101:41 Sanctity
103:47 Devotion
104:11 Sanctity
104:47 Coinage
106:07 Banking
106:42 Sappers
117:44 Siphons
117:59 Shipwright
117:49 Clinker Construction
117:50 Careening
124:17 Crossbowman
142:12 Carvel Hull
142:12 Dry Dock
144:14 Faith
WeLoveRust
6:03 Loom
13:23 Feudal Age
17:45 Castle Age
15:45 Horse Collar
15:55 Double-Bit Axe
22:46 Wheelbarrow
22:21 Heavy Plow
24:39 Gold Mining
24:44 Stone Mining
27:24 Heavy Plow
28:04 Scale Barding Armor
28:10 Forging
29:21 Chain Barding Armor
30:19 Husbandry
32:56 Imperial Age
31:58 Gold Shaft Mining
31:52 Bow Saw
33:26 Iron Casting
33:29 Cavalier
33:50 Pikeman
34:33 Squires
35:35 Plate Barding Armor
35:23 Ballistics
35:19 Citadels
36:27 Crop Rotation
38:27 Hand Cart
38:00 Town Watch
39:00 Stone Shaft Mining
38:53 Caravan
40:09 Savar
41:54 Blast Furnace
41:13 Halberdier
47:42 Scale Mail Armor
67:27 Light Cavalry
68:18 Bloodlines
74:18 Hussar
85:11 Two-Man Saw
126:58 Masonry
126:53 Heated Shot
126:59 Murder Holes
126:55 Guard Tower
144:43 Elite War Elephant
145:47 Conscription
Pangaea
12:04 Feudal Age
10:40 Loom
12:44 Double-Bit Axe
20:32 Castle Age
20:12 Gold Mining
20:15 Stone Mining
20:59 Forging
20:55 Scale Barding Armor
22:48 Wheelbarrow
24:20 Hand Cart
32:59 Imperial Age
30:39 Caravan
32:12 Husbandry
32:53 Iron Casting
32:39 Chain Barding Armor
33:02 Gold Shaft Mining
33:18 Ballistics
32:40 Treadmill Crane
33:45 Fortified Wall
35:06 Chemistry
34:14 Siege Engineers
33:35 Cavalier
34:53 Conscription
34:13 Pikeman
37:05 Bow Saw
37:53 Halberdier
38:30 Paladin
39:54 Plate Barding Armor
40:19 Blast Furnace
41:35 Scale Mail Armor
41:56 Chivalry
47:23 Fletching
51:01 Elite Throwing Axeman
53:39 Bodkin Arrow
53:44 Padded Archer Armor
57:17 Chain Mail Armor
56:38 Light Cavalry
62:36 Hoardings
62:31 Murder Holes
62:49 Fortified Wall
64:29 Halberdier
94:11 Plate Mail Armor
TopicKilleR
1:50 Loom
12:53 Feudal Age
13:02 Feudal Age
16:46 Castle Age
14:58 Double-Bit Axe
15:09 Fishing Lines
16:46 Gold Mining
18:37 Gillnets
34:29 Horse Collar
36:17 Wheelbarrow
35:27 Town Watch
35:50 Heavy Plow
35:45 Stone Mining
36:19 Scale Mail Armor
37:03 Caravan
37:34 Forging
38:20 Bow Saw
38:48 Gold Shaft Mining
38:49 Stone Shaft Mining
38:42 Chain Mail Armor
39:02 Iron Casting
40:01 Hand Cart
39:46 Town Patrol
42:43 Imperial Age
40:36 Hand Cart
40:22 Town Patrol
44:02 Onager
44:41 Elite Jomsviking
45:43 Conscription
45:58 Siege Onager
49:23 Blast Furnace
48:53 Plate Mail Armor
50:58 Hoardings
54:38 Hamask
60:04 Capped Ram
61:48 Siege Ram
70:01 Squires
69:47 Arson
69:22 Elite Varangian Guard
78:45 Plate Mail Armor
88:15 Gambesons
94:19 Coinage
95:17 Northmen's Fury
105:35 Banking
Randomly10
1:18 Loom
11:43 Feudal Age
16:02 Castle Age
18:07 Double-Bit Axe
20:36 Horse Collar
22:59 Gold Mining
23:21 Stone Mining
24:03 Bow Saw
26:18 Wheelbarrow
26:40 Stone Shaft Mining
29:51 Scale Barding Armor
30:54 Gold Shaft Mining
33:41 Imperial Age
32:52 Chain Barding Armor
32:43 Forging
32:36 Padded Archer Armor
32:26 Fletching
32:01 Elite Skirmisher
32:47 Thumb Ring
34:07 Scale Mail Armor
34:30 Ballistics
35:10 Hand Cart
35:36 Caravan
36:06 Coinage
35:18 Elite Cataphract
36:21 Logistica
38:19 Two-Man Saw
37:22 Heavy Plow
38:08 Plate Barding Armor
38:09 Iron Casting
37:50 Leather Archer Armor
37:30 Bodkin Arrow
38:46 Chain Mail Armor
39:47 Capped Ram
46:36 Plate Mail Armor
48:51 Banking
63:08 Bracer
68:32 Ring Archer Armor
86:42 Onager
127:38 Chemistry
148:04 Treadmill Crane
Connection lost

Rejoining the realm…

Still unreachable

The connection could not be restored.

Session expired

The server has moved on; the page needs a fresh start.